Map: Orbital Shipyard

Players

Miszu - Winner!

  • Race: Terran Terran
  • League: Master

DrejkuzSC

  • Race: Protoss Protoss
  • League: Diamond

VOD

Have the link to the VOD?

Description

Time

  • Played on: March 11, 2016, 1:36 p.m.
  • Length: 4:07
Show
View Real Time Build Order
Export as new Build Order

Miszu Terran - Winner!

Build Orders: 1/1/1 

Get SALT Encoding   

  12  0:00  SCV  
  13  0:13  SCV  
  14  0:18  Supply Depot  
  14  0:25  SCV  
  14  0:27  Refinery  
  15  0:40  SCV  
  16  0:49  Barracks  
  16  0:52  SCV  
  17  1:04  SCV  
  17  1:10  Refinery  
  18  1:16  SCV  
  19  1:28  SCV  
  20  1:37  Marine  
  20  1:38  Factory  
  21  1:41  Orbital Command  
  21  1:46  Supply Depot  
  21  1:55  Marine  
  22  2:07  SCV  
  23  2:13  Marine  
  24  2:19  SCV  
  24  2:22  Hellion  
  27  2:23  Starport  
  27  2:29  Supply Depot  
  27  2:31  SCV  
  28  2:38  Marine  
  30  2:47  Hellion  
  30  2:51  SCV  
  32  2:56  Marine  
  32  2:57  Supply Depot  
  33  3:00  Medivac  
  33  3:03  SCV  
  36  3:09  Hellion  
  38  3:14  Marine  
  39  3:25  SCV  
  40  3:31  Marine, Factory Tech Lab  
  41  3:39  SCV  
  45  3:54  SCV  
Show
View Real Time Build Order
Export as new Build Order

DrejkuzSC Protoss 

Build Orders:  

Get SALT Encoding   

  12  0:02  Probe (Chrono Boost)  
  13  0:12  Probe (Chrono Boost)  
  14  0:18  Pylon  
  14  0:23  Probe (Chrono Boost)  
  15  0:36  Probe (Chrono Boost)  
  15  0:40  Gateway  
  16  0:47  Probe (Chrono Boost), Assimilator  
  17  0:58  Probe (Chrono Boost)  
  18  1:05  Pylon  
  18  1:08  Probe (Chrono Boost)  
  19  1:12  Assimilator  
  19  1:20  Gateway  
  19  1:27  Probe (Chrono Boost)  
  20  1:36  Cybernetics Core  
  20  1:38  Probe (Chrono Boost)  
  21  1:48  Probe (Chrono Boost)  
  22  2:00  Probe (Chrono Boost)  
  23  2:13  Adept x2  
  23  2:14  Warp Gate (Chrono Boost)  
  27  2:16  Mothership Core (Chrono Boost)  
  29  2:34  Robotics Facility  
  29  2:36  Gateway  
  30  2:42  Adept  
  31  3:00  Pylon  
  31  3:09  Pylon  
  31  3:18  Adept  
  33  3:20  Pylon  
  33  3:50  Pylon  
Tags
 
Add a new tag
Caveats
  • Supply blocks, unpowered buildings, or Contaminate may cause inaccurate times.
  • Supply counts are checked every 10 seconds.